 Dungeon Crawl Stone Soup version 0.30.0-3-ga4e48a9924 (webtiles) character file.

Game seed: 9371723997325963471

15 dialectric the Sneak (level 2, 0/26 HPs)
             Began as a Meteoran Delver on May 7, 2023.
             Succumbed to an adder's poison
             ... on level 5 of the Dungeon.
             The game lasted 00:01:00 (179 turns).

dialectric the Sneak (Meteoran Delver)               Turns: 179, Time: 00:01:00

Health: 0/26       AC:  3    Str: 13    XL:     2   Next: 88%
Magic:  3/3        EV: 12    Int: 11    God:
Gold:   29         SH:  0    Dex: 15    Spells: 1/1 levels left

rFire   . . .        a - +0 falchion
rCold   + . .        (no shield)
rNeg    . . .        b - +0 leather armour
rPois   .            (no helmet)
rElec   .            (no cloak)
rCorr   .            (no gloves)
SInv    .            (no boots)
Will    .....        (no amulet)
Stlth   +            (no ring)
HPRegen 0.24/turn    (no ring)
MPRegen 0.08/turn

%: no passive effects
@: lethally poisoned (0 -> -1), glowing
A: sense surroundings 1, otherworldly, glowing, explore regen, talons 1, cold
resistance 1, noise suppression
a: no special abilities


You were on level 5 of the Dungeon.
You visited 1 branch of the dungeon, and saw 3 of its levels.

You collected 29 gold pieces.

Inventory:

Hand Weapons
 a - a +0 falchion (weapon)
Armour
 b - a +0 leather armour (worn)
Wands
 g - a wand of digging (2)
Scrolls
 c - a scroll of fog
 d - a scroll of magic mapping
 e - a scroll of fear
Potions
 f - a potion of haste


   Skills:
 + Level 3.4 Fighting
 + Level 2.5 Long Blades
 + Level 0.2 Armour
 + Level 2.5 Dodging
 + Level 4.0 Stealth


You had one spell level left.
You didn't know any spells.
Your spell library was empty.

Dungeon Overview and Level Annotations

Branches:
Dungeon (6/15) Zot: 1615
 Temple: D:4-7

Altars:

Annotations:
D:4 Pikel


Innate Abilities, Weirdness & Mutations

You passively map a small area around you.
You are easily found by Zot.
You glow in the dark.
You regain HP and MP as you explore.
You have sharp toenails.
Your flesh is cold resistant. (rC+)
You passively dampen the noise of your surroundings.


Message History

The adder barely misses you.
You hit the ufetubus.
The ufetubus is almost dead.
The ufetubus hits you. x2; The adder bites you but does no damage.
The ufetubus hits you. The ufetubus barely misses you.
Unknown command.
The ufetubus hits you. x2
The adder attacks as you move away! The adder bites you but does no damage.
Found a scroll labelled OFURRE KIUMEFO.
The ufetubus closely misses you. x2
You hit the ufetubus.
You kill the ufetubus!
The adder bites you.
You completely miss the adder. The adder bites you but does no damage.
The adder bites you.
You barely miss the adder. The adder closely misses you.
You miss the adder. The adder bites you but does no damage.
You barely miss the adder. The adder bites you. x2
* * * LOW HITPOINT WARNING * * *
You closely miss the adder. The adder bites you but does no damage.
The adder barely misses you.
You slash the adder!
The adder is almost dead.
The adder bites you.
* * * LOW HITPOINT WARNING * * *
You are poisoned.
The adder poisons you!
You barely miss the adder.
The adder is almost dead.
You feel sick. The adder bites you but does no damage.
The adder barely misses you.
Unknown command.
It was a potion of mutation.
You feel extremely strange.
You feel your surroundings grow quieter.
Your toenails lengthen and sharpen.
You feel resistant to cold.
You feel sick. The adder bites you.
* * * LOW HITPOINT WARNING * * *
Unknown command.
You slash the adder!
You kill the adder!
You die...

**##### ,, ...#
*##.####
#..†@.# ** ,
#.#.##..#.....#
,
.......>#..##.#
#.#..#..#..# #
#. #)....#* #
##.##.# * ,...
?#* , *
#.#*##*,* , <
...


There were no monsters in sight!

Vanquished Creatures
  An adder (D:5)
  An ufetubus (D:5)
  2 dart slugs (D:4)
  3 giant cockroaches (D:4)
7 creatures vanquished.

Notes
Turn   | Place    | Note
-------+----------+-------------------------------------------
     0 | D:5      | dialectric the Meteoran Delver began the quest for the Orb.
     0 | D:5      | Reached XP level 1. HP: 19/19 MP: 2/2
    58 | D:4      | Reached XP level 2. HP: 21/26 MP: 3/3
    88 | D:4      | Reached skill level 4 in Stealth
   114 | D:4      | Noticed a lemure
   114 | D:4      | Noticed a lemure
   115 | D:4      | Noticed Pikel
   178 | D:5      | Gained mutation: You passively dampen the noise of your
                  | surroundings. [potion of mutation]
   178 | D:5      | Gained mutation: You have sharp toenails. [potion of
                  | mutation]
   178 | D:5      | Gained mutation: Your flesh is cold resistant. (rC+)
                  | [potion of mutation]
   178 | D:5      | HP: 1/26 [adder (3)]
   179 | D:5      | Succumbed to an adder's poison

Illustrated notes

Levels and vault maps discovered:
D:4:      layout_loops_ring, gammafunk_temple_overflow_elements,
          nicolae_overflow_hidden_temple, uniq_pikel
D:5:      layout_basic, mainiacjoe_overflow_brackets, minmay_temple_entry_hall,
          uniq_edmund
D:6:      layout_loops_ring, trog_butcher_becter, led_sif_pool,
          nicolae_kite_square_tiling_tiny

Skill      XL: |  1  2 |
---------------+-------+-----
Stealth        | 4 |  4.0
Fighting       | |  3.4
Long Blades    | |  2.5
Armour         | |  0.2
Dodging        | |  2.5

Action                     || total
---------------------------++-------
  Melee: Falchion          ||    30
  Evoke: Wand              ||     1
    Use: Potion            ||     1
 Armour: Leather armour    ||    16
  Dodge: Dodged            ||    29
